 Dungeon Crawl Stone Soup version 0.30-a0-223-gcb0039aa0c (webtiles) character file.

Game seed: 16031150307120091784

852 bande the Trooper (level 8, -1/50 HPs)
             Began as a Gargoyle Fighter on Oct 10, 2022.
             Slain by an orc warrior
             ... wielding a +0 war axe
              (12 damage)
             ... on level 5 of the Dungeon.
             The game lasted 00:08:04 (3677 turns).

bande the Trooper (Gargoyle Fighter)                Turns: 3677, Time: 00:08:05

Health: -1/50      AC: 15    Str: 20    XL:     8   Next: 1%
Magic:  8/8        EV: 10    Int:  9    God:
Gold:   177        SH:  5    Dex: 11    Spells: 7/7 levels left

rFire   . . .      SeeInvis .    a - +0 war axe
rCold   + . .      Faith    .    c - +0 buckler
rNeg    + . .      Spirit   .    w - +4 ring mail "Bayqire" {rPois}
rPois   ∞          Reflect  .    (no helmet)
rElec   +          Harm     .    (no cloak)
rCorr   .          Rampage  .    (no gloves)
Will    .....                    (no boots)
Stlth   +.........               (no amulet)
HPRegen 0.28/turn                p - ring of protection from cold
MPRegen 0.11/turn                (no ring)

@: no status effects
A: sickness immunity, AC +5, negative energy resistance 1, electricity
resistance, torment resistance 1, petrification resistance
a: no special abilities


You were on level 5 of the Dungeon.
You visited 2 branches of the dungeon, and saw 6 of its levels.

You collected 177 gold pieces.

Inventory:

Hand Weapons
 a - a +0 war axe (weapon)
 v - the +8 Vampire's Tooth {vamp}
   (You took it off an orc on level 4 of the Dungeon)

   It occasionally heals its wielder for the full amount of damage dealt when it
   wounds a living foe.
 x - a +1 flail of protection
Missiles
 n - a throwing net (quivered)
Armour
 c - a +0 buckler (worn)
 w - the +4 ring mail "Bayqire" (worn) {rPois}
   (You found it on level 5 of the Dungeon)

   rPois:     It protects you from poison.
Jewellery
 p - a ring of protection from cold (left hand)
Wands
 f - a wand of polymorph (10)
 o - a wand of iceblast (23)
 s - a wand of flame (1)
Scrolls
 b - a scroll of fear {unknown}
 e - a scroll of enchant armour {unknown}
 h - a scroll of immolation {unknown}
 i - 2 scrolls of magic mapping {unknown}
 k - 5 scrolls of identify {unknown}
 r - 2 scrolls of amnesia {unknown}
 t - 2 scrolls of teleportation {unknown}
Potions
 d - 2 potions of might
 g - 7 potions of curing {unknown}
 j - 2 potions of brilliance {unknown}
 m - a potion of degeneration {unknown}
 q - a potion of mutation {unknown}
 u - a potion of berserk rage {unknown}


   Skills:
 + Level 5.5 Fighting
 + Level 5.3 Axes
 + Level 5.1 Armour
 - Level 0.4 Stealth
 + Level 4.4 Shields
 * Level 2.1 Evocations


You had 7 spell levels left.
You didn't know any spells.
Your spell library was empty.

Dungeon Overview and Level Annotations

Branches:
Dungeon (5/15)             Temple (1/1) D:4

Altars:
Ashenzari
Cheibriados
Dithmenos
Elyvilon
Fedhas
Gozag
Hepliaklqana
Kikubaaqudgha
Makhleb
Nemelex Xobeh
Qazlal
Ru
Sif Muna
Trog
Vehumet
Wu Jian
Yredelemnul
Zin
The Shining One


Innate Abilities, Weirdness & Mutations

You are immune to sickness and miasma.
Your stone body is resilient. (AC +5)
You are immune to poison.
You resist negative energy. (rN+)
You are resistant to electric shocks. (rElec)
You are resistant to unholy torment.
You are immune to petrification.


Message History

You hit something but do no damage.
The orc warrior hits you with a +0 war axe.
The orc warrior hits you but does no damage.
You hear some strange, mumbled words.
Something hits you but does no damage.
You closely miss the orc warrior.
The orc warrior is heavily wounded.
You hit something.
The orc warrior hits you with a +0 war axe!
Something hits you but does no damage.
You hit the orc warrior.
The orc warrior is heavily wounded.
You hit the orc.
You kill the orc!
You miss something. The orc warrior closely misses you.
You hear some strange, mumbled words.
A puff of flame appears from out of thin air!
The puff of flame hits you!
You barely miss the orc warrior.
The orc warrior is heavily wounded.
You miss something. You block the orc warrior's attack.
Something hits you but does no damage. x2
The orc warrior hits you with a +0 war axe.
You hit the orc warrior.
The orc warrior is severely wounded.
You barely miss something.
The orc warrior hits you but does no damage.
Something hits you but does no damage.
Unknown command.
You hit the orc warrior.
The orc warrior is severely wounded.
You miss something.
The orc warrior hits you with a +0 war axe!
* * * LOW HITPOINT WARNING * * *
Something hits you but does no damage.
You hit the orc warrior.
The orc warrior is almost dead.
You closely miss something.
The orc warrior hits you with a +0 war axe!
You die...

# #.........# #######
..........# # #......
...........# .# #......
............# .#
#...... ............ .#
#...... ...........#..#
....... ........)o{.{.#
#...... .........@#
##..... ..........+
##.... ..........#+#
##... ............#
#... #......#..### ##..
###.####..# ### #
##.################
###...............).
####.....######...#####


You could see an orc warrior.

Vanquished Creatures
  Edmund (D:5)
  A phantom (D:5)
  3 scorpions
  The ghost of SigmundSlayer the Trooper, a weakling OgGl of Cheibriados (D:3)
  A hound (D:4)
  An orc priest (D:5)
  An iguana (D:4)
  Natasha (thrice) (D:3)
  Ijyb (D:3)
  An orc wizard (D:5)
  4 gnolls
  7 adders
  A shadow imp (D:5)
  An ufetubus (D:4)
  2 worms (D:2)
  4 dart slugs
  5 orcs
  4 bats
  6 endoplasms
  3 giant cockroaches
  10 goblins
  5 hobgoblins
  8 jackals
  2 quokkas
  6 ball pythons
  A frilled lizard (D:2)
  4 kobolds
  8 rats
95 creatures vanquished.

Notes
Turn   | Place    | Note
-------+----------+-------------------------------------------
     0 | D:1      | bande the Gargoyle Fighter began the quest for the Orb.
     0 | D:1      | Reached XP level 1. HP: 14/14 MP: 1/1
   169 | D:1      | Reached XP level 2. HP: 16/19 MP: 2/2
   416 | D:1      | Reached XP level 3. HP: 24/24 MP: 3/3
   821 | D:1      | Reached XP level 4. HP: 24/29 MP: 4/4
  1006 | D:2      | Reached XP level 5. HP: 28/33 MP: 5/5
  1232 | D:3      | Noticed Ijyb
  1243 | D:3      | Killed Ijyb
  1619 | D:3      | Found an ornate altar of the Wu Jian Council.
  1623 | D:3      | Found a transporter.
  1628 | D:3      | Noticed Natasha
  1634 | D:3      | Killed Natasha
  1667 | D:3      | Noticed Natasha
  1677 | D:3      | Killed Natasha
  1775 | D:3      | Found a transporter.
  1791 | D:3      | Noticed Natasha
  1800 | D:3      | Killed Natasha
  1801 | D:3      | Reached XP level 6. HP: 38/39 MP: 6/6
  1804 | D:3      | Noticed SigmundSlayer's ghost (weakling OgGl)
  1933 | D:3      | Found a faded altar of an unknown god.
  2001 | D:3      | Killed SigmundSlayer's ghost
  2134 | D:4      | Reached skill level 1 in Evocations
  2284 | D:4      | Reached XP level 7. HP: 32/44 MP: 7/7
  2355 | D:4      | Reached skill level 5 in Fighting
  2360 | D:4      | Found a staircase to the Ecumenical Temple.
  2384 | Temple   | Entered the Ecumenical Temple
  2949 | D:5      | Entered Level 5 of the Dungeon
  2964 | D:5      | Identified the +4 ring mail "Bayqire" {rPois}
  3241 | D:5      | Noticed Edmund
  3267 | D:5      | Killed Edmund
  3268 | D:5      | Reached skill level 5 in Axes
  3552 | D:5      | Reached skill level 5 in Armour
  3596 | D:5      | Reached XP level 8. HP: 32/50 MP: 8/8
  3677 | D:5      | Slain by an orc warrior

Illustrated notes

Levels and vault maps discovered:
D:1:      reono_arrival_forest_river, layout_rooms
D:2:      minmay_angry_zag, layout_basic, minmay_surrounded
D:3:      layout_rooms, lemuel_round_altar,
          shapermc_ecumenical_altar_hornbeckon, gammafunk_ghost_arena,
          uniq_natasha, uniq_ijyb
D:4:      layout_rooms, minmay_temple_entry_ruins, minmay_misc_feat_columns,
          kennysheep_pointless_box, minmay_misc_feat_x
D:5:      layout_cave_pods, serial_shops, nicolae_shop_behind_doors, uniq_edmund
Temple:   mainiacjoe_temple_coin_purse

Skill      XL: |  1  2  3  4  5  6  7 |
---------------+----------------------+-----
Axes           | 2 3 4 5 |  5.3
Armour         | 4 5 |  5.1
Fighting       | 4 5 |  5.5
Shields        | 4 |  4.4
Evocations     | 1 2 |  2.1
Stealth        | |  0.4

Action                   |  1- 3 |  4- 6 |  7- 9 || total
-------------------------+-------+-------+-------++-------
Melee: War axe           |   117 |   138 |   120 ||   375
  Use: Potion            |       |     2 |       ||     2
Armor: Chain mail        |    86 |   122 |    47 ||   255
       Scale mail        |    13 |       |       ||    13
       Ring mail         |       |       |    44 ||    44
       Skin              |       |       |     5 ||     5
Dodge: Dodged            |    66 |    64 |    39 ||   169
Block: Buckler           |    46 |    39 |    22 ||   107

Table legend: (Time is in decaauts)
 A = Elapsed time spent in this place.
 B = Non-inter-level travel time spent in this place.
 C = Inter-level travel time spent in this place.
 D = Time resting spent in this place.
 E = Time spent auto-exploring this place.
 F = Levels seen in this place.
 G = Mean time per level.
                   A        B        C        D        E       F      G
               +--------+--------+--------+--------+--------+-----+--------+
         Total |   3825 |   3765 |     60 |    834 |   1882 |   6 |  637.5 |
       Dungeon |   3693 |   3644 |     49 |    834 |   1780 |   5 |  738.6 |
        Temple |    131 |    120 |     11 |      0 |    102 |   1 |  131.0 |
               +--------+--------+--------+--------+--------+-----+--------+

Top non-repeatable levels by time:
     D:3: 953 daAuts
     D:5: 749 daAuts
     D:4: 734 daAuts
     D:2: 685 daAuts
     D:1: 570 daAuts
  Temple: 131 daAuts
